Map: Eternal Empire LE

Players

Silky

  • Race: Zerg Zerg
  • Spawn Location: 7:00

Nina - Winner!

  • Race: Protoss Protoss
  • League: Grandmaster
  • Spawn Location: 1:00

Event: The Miserable Cup

VOD

Have the link to the VOD?

Description

Time

  • Played on: June 21, 2020, 6:09 p.m.
  • Length: 4:05

All games in this series

Show
View Real Time Build Order
Export as new Build Order

Silky Zerg 

Build Orders: 1 Base Baneling Bust, Pool Only, Zergling Baneling 

Get SALT Encoding   

  12  0:01  Drone  
  13  0:08  Drone  
  13  0:11  Extractor  
  13  0:16  Drone  
  14  0:32  Spawning Pool  
  13  0:35  Drone  
  14  0:44  Drone, Extractor  
  15  0:52  Overlord  
  15  1:19  Queen, Metabolic Boost  
  15  1:20  Zergling x2  
  15  1:21  Zergling x2  
  19  1:26  Zergling x2  
  19  1:32  Zergling x2  
  21  1:42  Zergling x2  
  22  1:48  Baneling Nest  
  22  1:52  Zergling x2  
  22  2:05  Overlord  
  22  2:09  Extractor  
  21  2:17  Zergling x2  
  23  2:27  Zergling x8  
  27  2:34  Baneling x3  
  27  2:35  Baneling x2  
  27  2:41  Zergling x2  
  28  2:45  Baneling  
  28  2:49  Zergling x2  
  29  2:56  Baneling  
  29  2:59  Zergling x2  
  29  3:01  Baneling  
  29  3:03  Overlord  
  30  3:10  Baneling  
  30  3:15  Spore Crawler  
  30  3:18  Zergling x2  
  31  3:21  Baneling  
  27  3:28  Zergling x4  
  27  3:33  Baneling  
  27  3:34  Zergling x2  
  29  3:38  Baneling  
  29  3:41  Zergling x2  
  29  3:47  Zergling x2  
  29  3:48  Zergling x2  
Show
View Real Time Build Order
Export as new Build Order

Nina Protoss - Winner!

Build Orders:  

Get SALT Encoding   

  12  0:00  Probe  
  13  0:12  Probe  
  14  0:19  Pylon  
  14  0:24  Probe  
  15  0:34  Probe  
  15  0:39  Gateway  
  15  0:42  Probe  
  16  0:48  Assimilator  
  17  0:52  Probe  
  18  1:04  Probe  
  19  1:16  Probe  
  20  1:22  Forge  
  20  1:27  Cybernetics Core  
  20  1:30  Probe  
  21  1:33  Gateway  
  21  1:40  Zealot  
  23  1:51  Pylon  
  23  1:54  Probe  
  23  1:58  Photon Cannon  
  23  2:04  Adept  
  23  2:05  Warp Gate  
  23  2:10  Probe  
  26  2:29  Nexus  
  26  2:32  Probe  
  27  2:41  Sentry  
  29  2:44  Probe  
  28  3:00  Gateway  
  28  3:03  Shield Battery  
  28  3:04  Assimilator  
  29  3:07  Pylon, Sentry  
  28  3:13  Probe  
  31  3:22  Pylon  
  31  3:37  Shield Battery  
  31  3:38  Probe  
  32  3:43  Gateway  
  32  3:50  Probe  
  31  3:56  Sentry  
Tags
 
Add a new tag
Caveats
  • Supply blocks, unpowered buildings, or Contaminate may cause inaccurate times.
  • Supply counts are checked every 10 seconds.